 Dungeon Sprint DCSS version 0.19.1 (webtiles) character file.

1210 dvd the Basher (level 8, -5/89 HPs)
             Began as a Troll Berserker on Dec 15, 2016.
             Was an Elder of Trog.
             Slain by a demonic crawler (9 damage)
             ... in the Dungeon (Sprint I: "Red Sonja").
             The game lasted 00:03:39 (475 turns).

dvd the Basher (Troll Berserker)                     Turns: 475, Time: 00:03:40

Health: -5/89      AC:  5    Str: 27    XL:     8   Next: 22%
Magic:  7/7        EV: 15    Int:  3    God:    Trog [****..]
Gold:   2          SH:  0    Dex: 13    Spells: 0 memorised, 7 levels left

rFire  . . .     SeeInvis .     j - +0 giant spiked club
rCold  + . .     Gourm    +     b - +0 animal skin
rNeg   + . .     Faith    .     (shield currently unavailable)
rPois  .         Spirit   .     (helmet restricted)
rElec  .         Reflect  .     (no cloak)
rCorr  .         Harm     .     (gloves unavailable)
MR     .....     NoTele   +     (boots unavailable)
Stlth  +.........               (no amulet)
                                (no ring)
                                k - ring "Les Fitiac" {rC+ rN+ Dex+3}

@: exhausted, very slightly contaminated, hasted and slowed
A: unfitting armour, claws 3, fast metabolism 3, gourmand, regeneration 1,
shaggy fur 1, tough skin 2
a: Berserk, Trog's Hand, Brothers in Arms, Burn Spellbooks, Renounce Religion


You were in the Dungeon.
You worshipped Trog.
Trog was greatly pleased with you.
You were not hungry.

You visited 1 branch You collected 405 gold pieces.
You spent 403 gold pieces at shops.

Inventory:

Hand Weapons
 a - a +0 mace
 j - a +0 giant spiked club (weapon)
Armour
 b - a +0 animal skin (worn)
Jewellery
 k - the ring "Les Fitiac" (left claw) {rC+ rN+ Dex+3}
   (You bought it in a shop in the Dungeon)

   [ring of positive energy]

   It affects your dexterity (+3).
   It protects you from cold.
   It protects you from negative energy.
Potions
 d - a potion of curing
 g - 2 potions of magic
 h - a potion of berserk rage
Comestibles
 c - 2 bread rations


   Skills:
 + Level 8.5 Fighting
 + Level 10.8 Maces & Flails
 + Level 9.1 Dodging
 + Level 0.5 Stealth


You had 7 spell levels left.
You didn't know any spells.

Dungeon Overview and Level Annotations

Branches:
Dungeon (1/1)

Altars:
Cheibriados
Dithmenos
Elyvilon
Fedhas
Gozag
Hepliaklqana
Kikubaaqudgha
Makhleb
Nemelex Xobeh
Okawaru
Qazlal
Ru
Sif Muna
Trog
Uskayaw
Vehumet
Xom
Yredelemnul
Zin
The Shining One
Jiyva
Lugonu

Shops:
D =


Innate Abilities, Weirdness & Mutations

You are too large for most types of armour.
You have claws for hands.
Your metabolism is lightning-fast.
You like to eat raw meat.
Your natural rate of healing is unusually fast.
You are covered in fur. (AC +1)
You have very tough skin. (AC +2)


Message History

The demonic crawler hits you but does no damage.
The demonic crawler barely misses you. x2
There is a burning altar of Makhleb here.
You feel yourself speed up. The demonic crawler closely misses you.
The demonic crawler hits you!
The demonic crawler hits you but does no damage.
The demonic crawler misses you. The demonic crawler closely misses you.
The demonic crawler hits you but does no damage.
The demonic crawler hits you.
* * * LOW HITPOINT WARNING * * *
The demonic crawler closely misses you. The demonic crawler barely misses you.
The demonic crawler hits you!
* * * LOW HITPOINT WARNING * * *
The demonic crawler barely misses you.
The demonic crawler hits you but does no damage. x2
The demonic crawler hits you!
* * * LOW HITPOINT WARNING * * *
The demonic crawler closely misses you. The demonic crawler hits you!
You die...

##########################
#<.#..'..#.)'..#s_#.)')..#
#..'[.#..'..#..@s.s..#...##+#
#..#####'#####'#s_####..ss..#
#..####..#...#(#### #####s.+
#..#__####..##)# +##
#..#_____##'#..+
#⌠⌠#_.∩...÷..._#
####_..__##_.#'#
#_____###+#[# ####### ###


You could see 4 demonic crawlers.

Vanquished Creatures
  2 kobold demonologists (D)
  A slime creature (D)
  Sigmund (D)
  A yak (D)
  A floating eye (D)
  An ogre (D)
  A jelly (D)
  Ijyb (D)
9 creatures vanquished.

Notes
Turn   | Place    | Note
-------+----------+-------------------------------------------
     0 | D        | dvd the Troll Berserker began the quest for the Orb.
     0 | D        | Reached XP level 1. HP: 22/22 MP: 0/0
     1 | D        | Noticed Ijyb
    10 | D        | Killed Ijyb
    10 | D        | Reached skill level 4 in Maces & Flails
    10 | D        | Reached XP level 2. HP: 29/31 MP: 1/1
    15 | D        | Noticed an ogre
    19 | D        | Killed an ogre
    19 | D        | Reached skill level 5 in Maces & Flails
    19 | D        | Reached XP level 3. HP: 41/41 MP: 2/2
    19 | D        | Reached XP level 4. HP: 49/49 MP: 3/3
    79 | D        | Noticed Sigmund
    95 | D        | Killed Sigmund
    95 | D        | Reached ** piety under Trog
    95 | D        | Reached skill level 7 in Maces & Flails
    95 | D        | Reached XP level 5. HP: 32/59 MP: 4/4
   140 | D        | Found a deep blue altar of Sif Muna.
   142 | D        | Found a radiant altar of Vehumet.
   145 | D        | Reached XP level 6. HP: 68/68 MP: 5/5
   163 | D        | Found Seoha's Jewellery Emporium.
   163 | D        | Found an ancient bone altar of Kikubaaqudgha.
   163 | D        | Found a hazy altar of Hepliaklqana.
   163 | D        | Found a hide-covered altar of Uskayaw.
   163 | D        | Found a basalt altar of Yredelemnul.
   163 | D        | Found an opulent altar of Gozag.
   163 | D        | Found a snail-covered altar of Cheibriados.
   163 | D        | Found a sacrificial altar of Ru.
   163 | D        | Found a shadowy altar of Dithmenos.
   163 | D        | Noticed a yak
   168 | D        | Killed a yak
   168 | D        | Reached skill level 8 in Maces & Flails
   169 | D        | Found a stormy altar of Qazlal.
   169 | D        | Found a blossoming altar of Fedhas.
   169 | D        | Found a bloodstained altar of Trog.
   169 | D        | Found an iron altar of Okawaru.
   169 | D        | Found a glowing golden altar of the Shining One.
   169 | D        | Found a glowing silver altar of Zin.
   169 | D        | Found a white marble altar of Elyvilon.
   172 | D        | Found a sparkling altar of Nemelex Xobeh.
   239 | D        | Found a burning altar of Makhleb.
   239 | D        | Found a viscous altar of Jiyva.
   239 | D        | Found a shimmering altar of Xom.
   239 | D        | Found a corrupted altar of Lugonu.
   239 | D        | Noticed a slime creature
   244 | D        | Killed a slime creature
   244 | D        | Reached skill level 9 in Maces & Flails
   244 | D        | Reached XP level 7. HP: 68/78 MP: 6/6
   303 | D        | Bought the ring "Les Fitiac" {rC+ rN+ Dex+3} for 403 gold pieces
   326 | D        | Noticed a kobold demonologist
   328 | D        | Noticed a kobold demonologist
   332 | D        | Noticed a soul eater
   333 | D        | Noticed an orange demon
   334 | D        | Killed a kobold demonologist
   334 | D        | Reached *** piety under Trog
   334 | D        | Reached skill level 10 in Maces & Flails
   335 | D        | Paralysed by a floating eye for 4 turns
   343 | D        | Killed a kobold demonologist
   343 | D        | Reached XP level 8. HP: 54/89 MP: 7/7
   344 | D        | Reached **** piety under Trog
   463 | D        | Noticed a demonic crawler
   463 | D        | Noticed a demonic crawler
   463 | D        | Noticed a demonic crawler
   463 | D        | Noticed a demonic crawler
   468 | D        | HP: 4/89 [demonic crawler (12)]
   474 | D        | HP: 4/89 [demonic crawler (9)]
   475 | D        | Slain by a demonic crawler

Skill      XL: |  1  2  3  4  5  6  7 |
---------------+----------------------+-----
Fighting       | 3 4 6 7 8 |  8.5
Maces & Flails | 4 5 7 9 10 | 10.8
Dodging        | 3 4 6 7 9 |  9.1
Stealth        | |  0.5

Action                   |  1- 3 |  4- 6 |  7- 9 || total
-------------------------+-------+-------+-------++-------
Melee: Mace              |    10 |       |       ||    10
       Giant spiked club |       |    24 |    13 ||    37
Invok: Berserk           |     1 |     2 |     2 ||     5
       Trog's Hand       |       |       |     1 ||     1
  Use: Potion            |       |       |     2 ||     2
       Scroll            |       |       |     1 ||     1
  Eat: Chunk             |       |     7 |       ||     7
Armor: Animal skin       |       |     4 |    15 ||    19
Dodge: Dodged            |     7 |     7 |    55 ||    69
